 Dungeon Crawl Stone Soup version 0.30-a0-140-gd1020e658a (webtiles) character file.

Game seed: 16772497763239564329

1726 Zonian the Covert (level 9, 0/44 (47) HPs)
             Began as a Vine Stalker Brigand on Sept 25, 2022.
             Was a Believer of Uskayaw.
             Slain by a wight
             ... wielding a +4 scimitar of freezing
              (5 damage)
             ... on level 7 of the Dungeon.
             The game lasted 00:14:54 (8158 turns).

Zonian the Covert (Vine Stalker Brigand)            Turns: 8158, Time: 00:15:01

HP:   0/44 (47)     AC: 10    Str: 17    XL:     9   Next: 4%
MP:   0/10          EV: 13    Int: 11    God:    Uskayaw [**....]
Gold: 561           SH:  0    Dex: 20    Spells: 8/8 levels left

rFire   . . .      SeeInvis +    A - +4 rapier "Borel" {vorpal, Str+3}
rCold   . . .      Faith    .    (no shield)
rNeg    . . .      Spirit   +    b - +0 robe
rPois   .          Reflect  .    o - +0 helmet
rElec   .          Harm     .    c - +0 cloak
rCorr   .          Rampage  .    m - +1 pair of gloves
Will    +....                    (no boots)
Stlth   ++++......               (no amulet)
HPRegen 0.94/turn                F - ring of see invisible
MPRegen 0.12/turn                w - +4 ring of protection

@: drained
A: fangs 3, regeneration 1, magic shield, antimagic bite, no potion heal 2
a: Renounce Religion, Stomp, Line Pass


You were on level 7 of the Dungeon.
You worshipped Uskayaw.
Uskayaw was noncommittal.
You visited 2 branches of the dungeon, and saw 8 of its levels.

You collected 561 gold pieces.

Inventory:

Hand Weapons
 a - a +2 dagger
 j - a +3 short sword of venom
 l - a +0 sling
 n - a +0 dagger of holy wrath
 y - a +0 spectral lajatang
 A - the +4 rapier "Borel" (weapon) {vorpal, Str+3}
   (You found it on level 3 of the Dungeon)

   It inflicts extra damage upon your enemies.
   Str:       It affects your strength (+3).
Missiles
 d - 12 poisoned darts (quivered)
 e - 3 curare-tipped darts
Armour
 b - a +0 robe (worn)
 c - a +0 cloak (worn)
 m - a +1 pair of gloves (worn)
 o - a +0 helmet (worn)
Magical Staves
 t - a staff of conjuration
Jewellery
 k - a ring of resist corrosion
 w - a +4 ring of protection (right hand)
 F - a ring of see invisible (left hand)
Wands
 q - a wand of flame (5)
 C - a wand of quicksilver (7)
 J - a wand of digging (4)
 K - a wand of charming (10)
Scrolls
 h - 2 scrolls of teleportation
 p - 4 scrolls of blinking
 s - 2 scrolls of poison
 E - a scroll of summoning {unknown}
 G - a scroll of noise {unknown}
Potions
 f - 7 potions of curing
 g - a potion of degeneration
 i - a potion of lignification {unknown}
 r - a potion of haste {unknown}
 u - 2 potions of flight {unknown}
 v - a potion of mutation {unknown}
 x - a potion of brilliance {unknown}
 z - 2 potions of ambrosia
 B - a potion of invisibility {unknown}
 D - a potion of magic {unknown}
 H - a potion of cancellation {unknown}
 I - a potion of heal wounds {unknown}


   Skills:
 + Level 5.2 Fighting
 + Level 5.2 Short Blades
 + Level 5.2 Throwing
 - Level 2.1 Dodging
 + Level 8.6 Stealth


You had 8 spell levels left.
You didn't know any spells.
Your spell library contained the following spells:

 Spells                   Type           Power      Damage    Failure   Level
 Freeze                   Ice            0%         1d3       34%         1
 Ensorcelled Hibernation  Hex/Ice        0%         N/A       47%         2
 Passwall                 Tmut/Erth      0%         N/A       47%         2
 Scorch                   Fire           0%         2d5       47%         2
 Frozen Ramparts          Ice            0%         1d1       71%         3
 Ignite Poison            Fire/Tmut/Pois 0%         N/A       71%         3
 Mephitic Cloud           Conj/Pois/Air  0%         N/A       71%         3
 Swiftness                Air            0%         N/A       71%         3
 Flame Wave               Conj/Fire      0%         2d4       98%         4
 Hailstorm                Conj/Ice       0%         3d3       98%         4
 Freezing Cloud           Conj/Ice/Air   0%         6-21      100%        5
 Summon Cactus Giant      Summ           0%         N/A       100%        6


Dungeon Overview and Level Annotations

Branches:
Dungeon (7/15)             Temple (1/1) D:7

Altars:
Ashenzari
Cheibriados
Dithmenos
Hepliaklqana
Kikubaaqudgha
Makhleb
Qazlal
Sif Muna
Trog
Uskayaw
Vehumet
Xom
Zin
The Shining One

Annotations:
D:4 exclusion: orc
D:7 Menkaure


Innate Abilities, Weirdness & Mutations

You have razor-sharp teeth.
Your natural rate of healing is unusually fast.
When hurt, damage is shared between your health and your magic reserves.
Your bite disrupts and absorbs the magic of your enemies.
Potions cannot restore your health.


Message History

You start resting.
HP restored.
You start waiting.
Done waiting.
You start waiting.
Done waiting.
Unknown command.
You climb downwards.
Level annotation: Menkaure The wight misses you.
There is a stone staircase leading up here.
Unknown command.
You hit the wight but do no damage. Your bite misses the wight.
The wight hits you with a +4 scimitar of freezing.
You feel drained. The wight freezes you. The wight closely misses you.
You hit the wight. You bite the wight. You drain its power.
You feel invigorated.
The wight is moderately damaged.
The wight completely misses you.
The wight hits you with a +4 scimitar of freezing!
The wight freezes you.
You hit the wight but do no damage.
The wight is moderately damaged.
The wight misses you. x2
You puncture the wight!
You destroy the wight!
The wight hits you with a +4 scimitar of freezing!
You feel drained. The wight freezes you.
You can now pass through a line of other dancers.
Things that are here:
a +0 battleaxe; a +0 robe You barely miss the wight.
Your bite misses the wight.
The wight hits you with a +4 scimitar of freezing!
The wight freezes you.
You hit the wight but do no damage.
The wight hits you with a +4 scimitar of freezing!
* * * LOW HITPOINT WARNING * * *
You feel drained.
* * * LOW HITPOINT WARNING * * *
The wight freezes you!
You die...

#.#..........
..#..........#
.....#........### ##
.....#.....§#.#.#### #.##
.....^≈..^.§§......###...#
....≈^#^.≈^##≈##...#......
#...###^.≈.#^..#..#.......
.....#....##§§.z.##.......
...§^.≈...^.≈≈.#@.........
.....((._.....[#...$.....#
..#≈.§≈....≈...#.#.......#
....§≈^§.§§#.§...#........
#.#..≈#..≈§.#≈####........
###≈§^#§.^#≈.≈# .......>.
#.##^..≈§.^≈.## ###......
.. ........### ......
............


You could see a wight.

Vanquished Creatures
  A komodo dragon (D:6)
  2 water moccasins
  A sky beast (D:6)
  3 ogres
  A phantom (D:7)
  2 bullfrogs (D:7)
  2 necrophages
  2 scorpions (D:5)
  2 wights
  A hound (D:6)
  A jelly (D:7)
  Terence (D:2)
  4 iguanas
  An orc wizard (D:6)
  Robin (D:2)
  4 adders
  3 shadow imps
  A white imp (D:6)
  2 worms (D:2)
  3 dart slugs
  10 orcs
  3 giant cockroaches
  18 goblins
  7 hobgoblins
  2 quokkas
  A ball python (D:2)
  3 bats
  A frilled lizard (D:1)
  3 kobolds
  5 rats
91 creatures vanquished.

Notes
Turn   | Place    | Note
-------+----------+-------------------------------------------
     0 | D:1      | Zonian the Vine Stalker Brigand began the quest for the
                  | Orb.
     0 | D:1      | Reached XP level 1. HP: 11/11 MP: 2/2
   749 | D:2      | Reached skill level 1 in Dodging
   749 | D:2      | Reached XP level 2. HP: 15/15 MP: 3/3
   753 | D:2      | Reached skill level 5 in Stealth
   824 | D:2      | Noticed Terence
  1140 | D:2      | Noticed Robin
  1506 | D:2      | Reached XP level 3. HP: 17/18 MP: 4/4
  1960 | D:2      | Killed Robin
  2161 | D:2      | Killed Terence
  2162 | D:2      | Gained mutation: Your natural rate of healing is unusually
                  | fast. [Vine Stalker growth]
  2162 | D:2      | Reached XP level 4. HP: 9/23 MP: 1/5
  3443 | D:3      | Identified the +4 rapier "Borel" {vorpal, Str+3}
  4345 | D:4      | Reached XP level 5. HP: 20/27 MP: 2/6
  5234 | D:4      | Noticed an ogre
  5242 | D:4      | Killed an ogre
  5690 | D:4      | Reached XP level 6. HP: 32/32 MP: 7/7
  5785 | D:4      | Found a broken altar of Ashenzari.
  5879 | D:5      | Entered Level 5 of the Dungeon
  5912 | D:5      | Noticed a water moccasin
  5927 | D:5      | Killed a water moccasin
  5928 | D:5      | Reached skill level 6 in Stealth
  6327 | D:5      | Reached XP level 7. HP: 36/36 MP: 8/8
  6672 | D:6      | Reached skill level 7 in Stealth
  6855 | D:6      | Noticed a komodo dragon
  6884 | D:6      | Killed a komodo dragon
  6885 | D:6      | Gained mutation: You have razor-sharp teeth. [Vine Stalker
                  | growth]
  6885 | D:6      | Reached XP level 8. HP: 41/42 MP: 9/9
  7009 | D:6      | Found a burning altar of Makhleb.
  7472 | D:7      | Reached skill level 8 in Stealth
  7546 | D:7      | Found a stormy altar of Qazlal.
  7581 | D:7      | Found a shimmering altar of Xom.
  7707 | D:7      | Reached skill level 5 in Fighting
  7707 | D:7      | Reached skill level 5 in Short Blades
  7707 | D:7      | Reached skill level 5 in Throwing
  7735 | D:7      | Noticed Menkaure
  7813 | D:7      | Found a staircase to the Ecumenical Temple.
  7822 | Temple   | Entered the Ecumenical Temple
  7843 | Temple   | Became a worshipper of Uskayaw the Reveller
  7875 | D:7      | Reached * piety under Uskayaw
  7948 | D:6      | Reached ** piety under Uskayaw
  7949 | D:6      | Reached XP level 9. HP: 46/47 MP: 10/10
  8158 | D:7      | Slain by a wight

Illustrated notes

Levels and vault maps discovered:
D:1:      elethiomel_arrival_shortcut, layout_basic
D:2:      layout_basic, uniq_robin, uniq_terence
D:3:      wad_lake_hut, layout_rooms
D:4:      layout_basic, lemuel_coloured_pillars_altar, serial_glass,
          glass_columns_b, glass_columns_b, hangedman_decor_clover_reticule
D:5:      layout_basic
D:6:      layout_loops_ring, makhleb_blood_cavern_becter
D:7:      layout_cave_pools, grunt_qazlal_sundering, amcnicky_altar_gilded,
          minmay_temple_entry_junction, uniq_menkaure
Temple:   eino_wide_crystal_templ

Skill      XL: |  1  2  3  4  5  6  7  8 |
---------------+-------------------------+-----
Dodging        | 1 2 |  2.1
Stealth        | 5 6 7 8 |  8.6
Fighting       | 2 3 4 5 |  5.2
Short Blades   | 2 3 4 5 |  5.2
Throwing       | 2 3 4 5 |  5.2

Action                   |  1- 3 |  4- 6 |  7- 9 || total
-------------------------+-------+-------+-------++-------
Melee: Dagger            |     7 |       |       ||     7
       Short sword       |    58 |    48 |    57 ||   163
       Bite              |    17 |    11 |    34 ||    62
       Rapier            |       |    10 |    53 ||    63
       Punch             |       |     1 |     2 ||     3
 Fire: Sling             |     5 |       |       ||     5
Throw: Dart              |     1 |     3 |     8 ||    12
  Use: Scroll            |       |    12 |     1 ||    13
 Stab: Sleeping          |     3 |     9 |     5 ||    17
Armor: Robe              |    22 |    15 |    51 ||    88
Dodge: Dodged            |    29 |    29 |    76 ||   134

Table legend: (Time is in decaauts)
 A = Elapsed time spent in this place.
 B = Non-inter-level travel time spent in this place.
 C = Inter-level travel time spent in this place.
 D = Time resting spent in this place.
 E = Time spent auto-exploring this place.
 F = Levels seen in this place.
 G = Mean time per level.
                   A        B        C        D        E       F      G
               +--------+--------+--------+--------+--------+-----+--------+
         Total |   8184 |   7721 |    463 |   2796 |   3554 |   8 | 1023.0 |
       Dungeon |   8147 |   7699 |    448 |   2796 |   3549 |   7 | 1163.9 |
        Temple |     36 |     21 |     15 |      0 |      5 |   1 |   36.0 |
               +--------+--------+--------+--------+--------+-----+--------+

Top non-repeatable levels by time:
     D:1: 1739 daAuts
     D:3: 1659 daAuts
     D:4: 1396 daAuts
     D:2: 1127 daAuts
     D:6: 1069 daAuts
     D:5: 702 daAuts
     D:7: 452 daAuts
  Temple: 36 daAuts
